 Dungeon Crawl Stone Soup version 0.29-a0-670-g5ff2a30383 (webtiles) character file.

Game seed: 8026870140001311203

138 Conn the Firebug (level 5, -8/31 HPs)
             Began as an Octopode Fire Elementalist on June 24, 2022.
             Mangled by a gnoll
             ... wielding a +0 halberd
              (10 damage)
             ... on level 3 of the Dungeon.
             The game lasted 00:06:04 (3058 turns).

Conn the Firebug (Octopode Fire Elementalist)       Turns: 3058, Time: 00:06:05

Health: -8/31      AC:  1    Str: 13    XL:     5   Next: 21%
Magic:  9/9        EV: 13    Int: 20    God:
Gold:   151        SH:  0    Dex: 12    Spells: 1/10 levels left

rFire   . . .      SeeInvis +   m - +3 quarterstaff (chaos)
rCold   + . .      Faith    .   (shield currently unavailable)
rNeg    . . .      Spirit   .   (helmet restricted)
rPois   .          Reflect  .   (no amulet)
rElec   .          Harm     .   e - ring of see invisible
rCorr   .          Rampage  .   f - +6 ring of strength
Will    .....                   i - ring of protection from cold
Stlth   +++.......              (no ring)
HPRegen 0.10/turn               (no ring)
MPRegen 0.11/turn               (no ring)
                                (no ring)
                                (no ring)

@: no status effects
A: almost no armour, amphibious, 8 rings, camouflage 1, gelatinous body 1,
(nimble swimmer 1), tentacles
a: no special abilities


You were on level 3 of the Dungeon.
You visited 1 branch of the dungeon, and saw 3 of its levels.

You collected 151 gold pieces.

Inventory:

Hand Weapons
 c - a +0 short sword
 m - a +3 quarterstaff of chaos (weapon)
Magical Staves
 g - a staff of cold
Jewellery
 e - a ring of see invisible (left tentacle)
 f - a +6 ring of strength (right tentacle)
 i - a ring of protection from cold (on tentacle)
Scrolls
 b - a scroll of blinking {unknown}
 d - 3 scrolls of identify {unknown}
 h - 2 scrolls of fog {unknown}
 k - 3 scrolls of brand weapon {unknown}
 n - 2 scrolls of teleportation {unknown}
Potions
 a - a potion of magic
 j - a potion of might {unknown}
 l - a potion of mutation {unknown}


   Skills:
 + Level 0.5 Short Blades
 + Level 0.1 Staves
 + Level 2.3 Dodging
 + Level 3.6 Stealth
 + Level 3.2 Spellcasting
 + Level 1.7 Conjurations
 + Level 4.0 Fire Magic


You had one spell level left.
You knew the following spells:

 Your Spells              Type           Power      Damage    Failure   Level
a - Foxfire               Conj/Fire      56%        2x1d6     4%          1
b - Conjure Flame         Conj/Fire      14%        6-21      13%         3
c - Inner Flame           Hex/Fire       11%        N/A       19%         3
e - Scorch                Fire           38%        2d6       4%          2

Your spell library contained the following spells:

 Spells                   Type           Power      Damage    Failure   Level
 Flame Wave               Conj/Fire      14%        2d6       38%         4


Dungeon Overview and Level Annotations

Branches:
Dungeon (3/15)

Altars:

Shops:
D:3 (


Innate Abilities, Weirdness & Mutations

You cannot wear most types of armour.
You are amphibious.
You can wear up to eight rings at the same time.
Your skin changes colour to match your surroundings (Stealth+).
Your rubbery body absorbs attacks. (AC +1, EV +1)
((You are camouflaged when in or above water. (Stealth+)))
You have tentacles for arms and can constrict up to eight enemies at once.


Message History

Your foxfire dissipates!
Found a stone staircase leading down.
A bat comes into view.
Found 7 gold pieces.
Casting: Foxfire (safe; 4% risk of failure)
Confirm with . or Enter, or press ? or * to list all spells.
You conjure some foxfire!
Unknown command.
Casting: Foxfire (safe; 4% risk of failure)
Confirm with . or Enter, or press ? or * to list all spells.
You miscast Foxfire.
You are very lightly contaminated with residual magic.
Nothing appears to happen.
The foxfire hits the bat.
You kill the bat!
Unknown command.
Casting: Foxfire (safe; 4% risk of failure)
Confirm with . or Enter, or press ? or * to list all spells.
You conjure some foxfire!
Your foxfire dissipates!
Unknown command.
You now have 135 gold pieces (gained 15).
Your magical contamination has completely faded away.
You now have 142 gold pieces (gained 7).
You now have 151 gold pieces (gained 9).
The gnoll shouts!
The gnoll hits you with a +0 whip.
You barely miss the gnoll.
The gnoll shouts!
You grab the gnoll. You constrict the gnoll. The gnoll closely misses you.
You thump the gnoll!
The gnoll is heavily wounded.
You constrict the gnoll.
The gnoll hits you from afar with a +0 halberd!
The gnoll barely misses you.
You hit the gnoll. You freeze the gnoll.
You kill the gnoll!
The gnoll hits you from afar with a +0 halberd!
* * * LOW HITPOINT WARNING * * *
The gnoll hits you with a +0 halberd!
You die...

#.. #..####.#
#.# ##. #..#
#.# #g# .# #..#
#.# #.# .#
###..####.# #.#
..........# #.#
######.######.#
#........#
#.######.# #@#
#..# #g# #..#
.... #g.# #####
.#.#.# #..#
..>..
........#..#
##### ##
#.#.#.#..##.###
.......gg......
#
#.###.#.##..###
## #..
#.#<##..####


You could see a gnoll.

Vanquished Creatures
  Crazy Yiuf (D:2)
  3 gnolls (D:3)
  2 adders (D:2)
  A worm (D:2)
  A dart slug (D:2)
  4 endoplasms
  2 giant cockroaches
  5 goblins
  8 hobgoblins
  2 quokkas
  7 ball pythons
  7 bats
  3 frilled lizards
  8 kobolds
  3 rats
57 creatures vanquished.

Vanquished Creatures (collateral kills)
  3 foxfires (D:2)
3 creatures vanquished.

Vanquished Creatures (others)
  163 foxfires
  4 fungi (D:2)
  10 plants (D:2)
177 creatures vanquished.

Grand Total: 237 creatures vanquished

Notes
Turn   | Place    | Note
-------+----------+-------------------------------------------
     0 | D:1      | Conn the Octopode Fire Elementalist began the quest for the
                  | Orb.
     0 | D:1      | Reached XP level 1. HP: 11/11 MP: 3/3
   395 | D:1      | Reached XP level 2. HP: 13/17 MP: 1/5
  1306 | D:2      | Reached XP level 3. HP: 21/21 MP: 1/6
  1480 | D:2      | Found a faded altar of an unknown god.
  1636 | D:2      | Reached XP level 4. HP: 20/27 MP: 0/8
  2251 | D:2      | Found a runed translucent door.
  2252 | D:2      | Noticed Crazy Yiuf
  2257 | D:2      | Learned a level 2 spell: Scorch
  2261 | D:2      | Learned a level 3 spell: Conjure Flame
  2269 | D:2      | Killed Crazy Yiuf
  2393 | D:3      | Found Typtoiw's Antique Weapon Boutique.
  2430 | D:3      | Learned a level 3 spell: Inner Flame
  2705 | D:3      | Reached skill level 4 in Fire Magic
  2737 | D:3      | Reached XP level 5. HP: 31/31 MP: 0/9
  3058 | D:3      | Mangled by a gnoll

Illustrated notes

Levels and vault maps discovered:
D:1:      psy_arrival_conway, layout_basic
D:2:      layout_rooms, nicolae_ecumenical_snake_handling, serial_bayou,
          serial_bayou_lagoon_b, serial_bayou_shore_b, serial_bayou_pond_c,
          serial_bayou_pond_a, uniq_crazy_yiuf_cottage
D:3:      layout_loops_ring, slow_altar_2, serial_shops,
          nicolae_shop_temple_entry_statues_fountains

Skill      XL: |  1  2  3  4 |
---------------+-------------+-----
Stealth        | 3 |  3.6
Spellcasting   | 3 |  3.2
Fire Magic     | 4 |  4.0
Short Blades   | |  0.5
Staves         | |  0.1
Dodging        | |  2.3
Conjurations   | |  1.7

Action                   |  1- 3 |  4- 6 || total
-------------------------+-------+-------++-------
Melee: Short sword       |    12 |    27 ||    39
       Constrict         |     5 |     9 ||    14
       Unarmed           |     1 |       ||     1
       Tentacles         |     2 |    11 ||    13
       Quarterstaff      |       |    14 ||    14
 Cast: Foxfire           |    67 |    27 ||    94
       Scorch            |       |     4 ||     4
       Conjure Flame     |       |     1 ||     1
       Inner Flame       |       |     1 ||     1
 Stab: Sleeping          |     1 |     5 ||     6
Dodge: Dodged            |     7 |    10 ||    17

Table legend: (Time is in decaauts)
 A = Elapsed time spent in this place.
 B = Non-inter-level travel time spent in this place.
 C = Inter-level travel time spent in this place.
 D = Time resting spent in this place.
 E = Time spent auto-exploring this place.
 F = Levels seen in this place.
 G = Mean time per level.
                   A        B        C        D        E       F      G
               +--------+--------+--------+--------+--------+-----+--------+
         Total |   3063 |   2981 |     82 |     64 |   2298 |   3 | 1021.0 |
       Dungeon |   3063 |   2981 |     82 |     64 |   2298 |   3 | 1021.0 |
               +--------+--------+--------+--------+--------+-----+--------+

Top non-repeatable levels by time:
     D:2: 1248 daAuts
     D:1: 1229 daAuts
     D:3: 584 daAuts
